[Event "Team 45 45 League T61"]
[Site "Internet Chess Club"]
[Date "2014.06.15"]
[Round "3"]
[White "willhelm"]
[Black "Goli"]
[Result "1-0"]
[WhiteElo "1914"]
[BlackElo "1801"]
[Opening "King's Indian: London system"]
[ECO "A48"]
[Time "17:00:21"]
[TimeControl "2700+45"]

1. d4 Nf6 2. Nf3 g6 3. Bf4 Bg7 4. e3 O-O 5. h3 d6 6. Bd3 c5 7. c3 cxd4 8. exd4
Nc6 9. O-O a6 10. Re1 Re8 11. Bh2 Bd7 12. Na3 Rc8 13. Nc2 Rc7 14. c4 Rc8 15. b4
Nb8 16. a4 Be6 17. d5 Bd7 18. a5 Nxd5 19. cxd5 Bxa1 20. Qxa1 Qc7 21. Bf4 Qc3 22.
Rd1 Qxa1 23. Rxa1 Rc3 24. Nfe1 Rec8 25. Ra2 e5 26. Bd2 R3c7 27. Ne3 Kf8 28. Kf1
Ke7 29. Ke2 Be8 30. N1c2 f5 31. f3 Nd7 32. Na3 Nf6 33. b5 axb5 34. Nxb5 Bxb5 35.
Bxb5 f4 36. Nd1 Nxd5 37. Bd3 Nf6 38. Nf2 d5 39. Ng4 Nxg4 40. hxg4 Ke6 41. Rb2
Re8 42. Rb6+ Kf7 43. g5 Re6 44. Rb4 Rec6 45. Bb1 Rc4 46. Rb2 Ke6 47. Bd3 R4c6
48. Be1 Kd6 49. g3 fxg3 50. Bxg3 Ke6 51. Bf2 Kd6 52. Bb6 Rc8 53. Rd2 Ke6 54. Kf2
Rc3 55. Ke2 R3c6 56. Rb2 Kd6 57. Be3 R8c7 58. f4 Rf7 59. fxe5+ Kxe5 60. Bb1 Rfc7
61. Rb5 Rd7 62. Kd2 Rdc7 63. Bg1 Rd7 64. Bh2+ Kd4 65. Bd3 Re6 66. Bf1 Rde7 67.
Bg1+ Ke5 68. Bg2 Kf4 69. Bxd5 Rd7 70. Bh2+ Kxg5 71. Kc3 Re3+ 72. Kb4 Kf6 73.
Bxb7 Re2 74. Rb6+ Kg7 75. Bg1 Re1 76. Bc6 Rc7 77. Bd4+ Kh6 78. Kc5 Ree7 79. a6
Rf7 80. Rb1 Rf5+ 81. Kb6 Rc8 82. a7 Rff8 83. Rh1+ Kg5 84. Rxh7 Rb8+ 85. axb8=Q
Rxb8+ 86. Kc5 Rc8 87. Rg7 Kf5 88. Be3 Kf6 89. Bd4+ Kf5 90. Kd6 Rd8+ 91. Bd7+ Ke4
92. Bf6 Ra8 93. Rxg6 Ra6+ 94. Ke7 Ra7 95. Rg4+ Kf3 96. Rb4 Ke2 97. Rb3 Kd2 98.
Be5 Kc2 99. Rh3 Kd2 100. Ke6 Ra6+ 101. Kf5 Ra5 102. Bc6 Ke2 103. Be4 Kf2 104.
Kf4 Ra4 105. Rh2+ Kg1 106. Rb2 Kf1 107. Ke3 Ra3+ 108. Bd3+ Kg1 109. Bd4 Kh1 110.
Ke4 Rxd3 111. Rb1+ {Black resigns} 1-0

[Event "Team 45 45 League T61"]
[Site "Internet Chess Club"]
[Date "2014.06.16"]
[Round "3"]
[White "patito09"]
[Black "Atwode"]
[Result "1/2-1/2"]
[WhiteElo "1846"]
[BlackElo "1856"]
[Opening "Old Indian: Tartakower (Wade) variation"]
[ECO "A04"]
[Time "17:00:39"]
[TimeControl "2700+45"]

1. Nf3 d6 2. d4 Bg4 3. Nbd2 Nd7 4. g3 e5 5. Bg2 Ngf6 6. O-O c6 7. dxe5 dxe5 8.
Nc4 Qc7 9. b3 Bc5 10. Bb2 O-O-O 11. Qe1 Rhe8 12. Rd1 Bf5 13. b4 Bf8 14. Ne3 Be6
15. a3 Nd5 16. Ng5 Nxe3 17. fxe3 f6 18. Nxe6 Rxe6 19. c4 Rd6 20. Qc3 Rxd1 21.
Rxd1 Nb6 22. Rd3 Na4 23. Qd2 Rxd3 24. exd3 Nxb2 25. Qxb2 a5 26. c5 axb4 27. axb4
g6 28. Qa2 Kb8 29. Qg8 Qg7 30. Qe6 Qe7 31. Qc4 Qd7 32. d4 Bh6 33. Kf2 Qf5+ 34.
Bf3 e4 35. Qg8+ Ka7 36. Qa2+ Kb8 37. Qg8+ Ka7 38. Qa2+ Kb8 39. Qg8+ {Game drawn
by repetition} 1/2-1/2

[Event "Team 45 45 League T61"]
[Site "Internet Chess Club"]
[Date "2014.06.13"]
[Round "3"]
[White "backrankbrawler"]
[Black "PaulaR"]
[Result "0-1"]
[WhiteElo "1820"]
[BlackElo "1770"]
[Opening "QGD: exchange, positional line"]
[ECO "D35"]
[Time "12:30:27"]
[TimeControl "2700+45"]

1. d4 d5 2. c4 e6 3. Nc3 Nf6 4. cxd5 exd5 5. Bg5 Be7 6. e3 c6 7. Bd3 Be6 8. Qc2
Nbd7 9. Nf3 O-O 10. O-O Re8 11. Ne5 h6 12. Bf4 Nh5 13. Rfe1 Nxf4 14. exf4 Nxe5
15. dxe5 Bc5 16. f5 Bd7 17. Nxd5 Bxf2+ 18. Qxf2 cxd5 19. Qf4 Qg5 20. Qf3 Bc6 21.
Rad1 Rac8 22. Qf2 a6 23. Re3 Qg4 24. Be2 Qb4 25. Bh5 d4 26. Rb3 Qc5 27. e6 fxe6
28. Bxe8 Rxe8 29. Qxd4 Qxf5 30. Rg3 e5 31. Qc4+ Kh7 32. Rf1 Qe6 33. Qxe6 Rxe6
34. Rf7 Rg6 35. Kf2 Rxg3 36. Kxg3 Kg6 37. Re7 Kf6 38. Rc7 g6 39. Kf2 h5 40. g3
Kf5 41. Rf7+ Kg4 42. Kg1 Bd5 43. Re7 Kf3 44. Rxe5 Bxa2 45. Rc5 Bb1 46. Rc3+ Ke2
47. Rc7 Be4 48. Re7 Kd3 49. Kf2 a5 50. Re5 a4 51. Rc5 Kd4 52. Rc3 b5 53. Rc7 b4
54. Ke2 Bd5 55. Kd2 a3 56. bxa3 bxa3 57. Kc2 a2 58. Kb2 Ke5 59. Rc2 g5 60. Rf2
Bc4 61. h4 g4 62. Rf4 Be6 63. Rf8 Bc4 64. Rh8 Bf7 65. Rh7 Kf6 66. Rh6+ Ke5 67.
Ra6 Bc4 68. Ra5+ Bd5 69. Ra7 Kf6 70. Ra5 Ke5 71. Ra6 Bf7 72. Ra7 Kf6 73. Ra5 Kg6
74. Kc3 Kf6 75. Kd4 Bb3 76. Ke4 Bc4 77. Kf4 Bf7 78. Ra6+ Be6 79. Ra5 Bc4 80. Ke4
Bb3 81. Kd4 Be6 82. Kc3 Bd5 83. Kb2 Bf7 84. Rg5 Ke7 85. Ka1 Ke8 86. Ra5 Kf8 87.
Ra6 Kg7 88. Kb2 Kf8 89. Kc3 Kg7 90. Kd4 Bb3 91. Ke5 Bc4 92. Ra4 Bb3 93. Ra5 Kg6
94. Kd6 Kf6 95. Kd7 Bd5 96. Ke8 Ke5 97. Ke7 Kd4 98. Kf6 Ke3 99. Kg5 Bf7 100. Kf6
Bd5 101. Kg6 Kf2 102. Ra3 Bf3 103. Rxa2+ Kxg3 104. Kxh5 Kf4 105. Ra4+ Kf5 106.
Ra5+ Kf4 107. Kg6 g3 108. Rf5+ Kg4 109. h5 Be4 110. h6 Bxf5+ {White resigns} 0-1

[Event "Team 45 45 League T61"]
[Site "Internet Chess Club"]
[Date "2014.06.14"]
[Round "3"]
[White "junard"]
[Black "xwang1"]
[Result "1/2-1/2"]
[WhiteElo "2026"]
[BlackElo "1940"]
[Opening "Trompowsky attack (Ruth, Opocenský opening)"]
[ECO "A45"]
[Time "22:02:08"]
[TimeControl "2700+45"]

1. d4 Nf6 2. Bg5 g6 3. Bxf6 exf6 4. g3 d6 5. Bg2 f5 6. e3 Bg7 7. Ne2 Nd7 8. O-O
O-O 9. Nd2 Nf6 10. c4 c6 11. b4 Bd7 12. a4 Re8 13. Qc2 Qe7 14. Nc3 h6 15. Rab1
g5 16. b5 Rab8 17. Rb3 f4 18. exf4 gxf4 19. bxc6 bxc6 20. Nf3 fxg3 21. hxg3 Be6
22. Rfb1 Rxb3 23. Qxb3 Ng4 24. d5 Bf5 25. Rd1 Nxf2 26. Re1 Ne4 27. Nxe4 Bxe4 28.
Nh4 cxd5 29. cxd5 Qf6 30. Rxe4 Rxe4 31. Bxe4 Qd4+ 32. Kh2 Qxe4 33. Nf3 Kh7 34.
a5 Qe2+ 35. Kh3 a6 36. Qb1+ Kg8 37. Qf5 Qb5 38. Qc8+ Bf8 39. Qg4+ Bg7 40. Qc8+
Kh7 41. Qf5+ Kg8 {Game drawn by mutual agreement} 1/2-1/2

[Event "Team 45 45 League T61"]
[Site "Internet Chess Club"]
[Date "2014.06.14"]
[Round "3"]
[White "perikitosax"]
[Black "cyborg86"]
[Result "0-1"]
[WhiteElo "1911"]
[BlackElo "2057"]
[Opening "Queen's pawn: Keres defense"]
[ECO "A40"]
[Time "12:16:31"]
[TimeControl "2700+45"]

1. d4 e6 2. c4 b6 3. a3 Bb7 4. Nc3 f5 5. d5 Nf6 6. g3 Be7 7. Bg2 O-O 8. Nf3 a5
9. O-O Na6 10. Nd4 Nc5 11. dxe6 Bxg2 12. Kxg2 dxe6 13. Bf4 Qc8 14. Qc2 Qb7+ 15.
Kg1 Rfd8 16. Rad1 Nh5 17. Be5 g6 18. b4 axb4 19. axb4 Nd7 20. Bxc7 Qxc7 21. Nxe6
Qxc4 22. Nxd8 Rxd8 23. Qd3 Qxd3 24. Rxd3 Nhf6 25. Rfd1 Kf7 26. Nd5 Ne5 27. Rd4
Nxd5 28. Rxd5 Rxd5 29. Rxd5 Ke6 30. Rd4 Nc6 31. Rc4 Nxb4 32. e4 Bc5 33. exf5+
Kxf5 34. Kg2 Nd3 35. f3 Ke5 36. Re4+ Kd5 37. Kf1 b5 38. Ke2 Ne5 39. Rh4 h5 40.
Rf4 b4 41. h4 b3 42. Kd2 Bd4 43. g4 b2 44. Kc2 Nc4 45. gxh5 Na3+ {White resigns}
0-1

[Event "Team 45 45 League T61"]
[Site "Internet Chess Club"]
[Date "2014.06.13"]
[Round "3"]
[White "arhrid"]
[Black "tamtu"]
[Result "1/2-1/2"]
[WhiteElo "1829"]
[BlackElo "1982"]
[Opening "Sicilian: Alapin's variation (2.c3)"]
[ECO "B22"]
[Time "18:00:51"]
[TimeControl "2700+45"]

1. e4 c5 2. c3 Nf6 3. e5 Nd5 4. d4 cxd4 5. Nf3 d6 6. cxd4 e6 7. Bc4 Nc6 8. O-O
Be7 9. Qe2 O-O 10. Nc3 dxe5 11. dxe5 Nxc3 12. bxc3 Qa5 13. Qe4 Qxc3 14. Rb1 Rd8
15. Rb3 Qa5 16. Bb5 Qxa2 17. Bc4 Qa4 18. Bg5 Nd4 19. Bd3 Nxf3+ 20. Qxf3 Bxg5 21.
Bxh7+ Kxh7 22. Qh5+ Bh6 23. Rg3 g6 24. Qf3 Qf4 25. Qa3 b6 26. Qe7 Ba6 27. Rf3
Bg5 28. Qc7 Rac8 29. Qxa7 Ra8 30. Qc7 Rac8 31. Qa7 Qxf3 32. gxf3 Bxf1 33. Qxf7+
Kh6 34. Kxf1 Rd2 35. Qxe6 Rc1+ 36. Kg2 Rcc2 37. Qxb6 Rxf2+ 38. Qxf2 Rxf2+ 39.
Kxf2 Bf4 40. e6 Kg7 41. h4 Kf6 42. Kg2 Kxe6 43. Kh3 Kf6 44. Kg4 Ke5 45. Kh3 Kf5
46. Kg2 Bc7 47. Kh3 Kf4 48. h5 g5 49. Kg2 Ke3 50. h6 Be5 51. h7 Ke2 52. h8=Q
Bxh8 53. Kg3 Ke3 54. Kg4 Bf6 55. Kg3 Be5+ 56. Kg4 Bf4 57. Kh3 Kxf3 {White
stalemated} 1/2-1/2

[Event "Team 45 45 League T61"]
[Site "Internet Chess Club"]
[Date "2014.06.23"]
[Round "3"]
[White "chess9397"]
[Black "alexping"]
[Result "0-1"]
[WhiteElo "1720"]
[BlackElo "1865"]
[Opening "French: Tarrasch, closed variation"]
[ECO "C05"]
[Time "22:01:35"]
[TimeControl "2700+45"]

1. e4 e6 2. d4 d5 3. Nd2 Nf6 4. e5 Nfd7 5. Ngf3 c5 6. c3 Nc6 7. Be2 g5 8. Nb3 h6
9. Be3 c4 10. Nc1 b5 11. a4 b4 12. Na2 b3 13. Nc1 Bg7 14. O-O O-O 15. Qd2 f6 16.
exf6 Nxf6 17. Ne5 Ne4 18. Qe1 Nxe5 19. dxe5 Bxe5 20. Bg4 Qd6 21. g3 Bg7 22. f3
Nf6 23. Bh3 g4 24. Bxg4 Nxg4 25. fxg4 Rxf1+ 26. Kxf1 e5 27. Ne2 Bxg4 28. Kg2 Qd7
29. Qd2 Qc6 30. Kg1 Bh3 31. Nc1 Rf8 32. Nxb3 cxb3 33. Bxa7 d4 34. cxd4 exd4 35.
Rc1 Qa6 {White resigns} 0-1

[Event "Team 45 45 League T61"]
[Site "Internet Chess Club"]
[Date "2014.06.11"]
[Round "3"]
[White "bobhill"]
[Black "DouDou"]
[Result "1-0"]
[WhiteElo "1944"]
[BlackElo "1788"]
[Opening "King's Indian: Torre attack"]
[ECO "A48"]
[Time "22:03:36"]
[TimeControl "2700+45"]

1. d4 Nf6 2. Nf3 g6 3. Bg5 Bg7 4. Nbd2 d5 5. e3 O-O 6. Bd3 c5 7. c3 Nc6 8. O-O
Qc7 9. Rc1 e5 10. dxe5 Nxe5 11. Nxe5 Qxe5 12. Nf3 Qc7 13. Bb1 Be6 14. Qe2 h6 15.
Bf4 Qe7 16. Ne5 Nd7 17. Nxd7 Qxd7 18. Rcd1 Rad8 19. b3 Bf5 20. e4 Rfe8 21. f3
Bxc3 22. Bxh6 Bd4+ 23. Kh1 dxe4 24. Bxe4 Qe6 25. Bg5 Rd7 26. Qb5 a6 27. Qa4 b5
28. Qa3 Bxe4 29. fxe4 Qxe4 30. Qxa6 Qg4 31. Qc6 Re2 32. Bf6 Rc7 33. Qd5 Bxf6 34.
Rxf6 Rd7 35. Qa8+ Kg7 36. Rdf1 Qg5 37. Qc6 Rc7 38. Qf3 Ree7 39. Qc3 Re5 40. R6f3
f6 41. Rg3 Qh4 42. Qd3 g5 43. Rh3 Qe4 44. Qd8 Qc6 45. Qh8+ Kf7 46. Rh7+ Ke6 47.
Qxf6+ Kd5 48. Rd1+ Ke4 49. Qf3# {Black checkmated} 1-0

[Event "Team 45 45 League T61"]
[Site "Internet Chess Club"]
[Date "2014.06.14"]
[Round "3"]
[White "stevyk6"]
[Black "Beetlejuice"]
[Result "0-1"]
[WhiteElo "1647"]
[BlackElo "1835"]
[Opening "Sicilian: Taimanov variation"]
[ECO "B49"]
[Time "14:13:37"]
[TimeControl "2700+45"]

1. e4 c5 2. Nf3 e6 3. d4 cxd4 4. Nxd4 Nc6 5. Nc3 Qc7 6. Be2 a6 7. Be3 Nf6 8. O-O
Bb4 9. Nxc6 bxc6 10. Bd4 d5 11. Bd3 e5 12. a3 Be7 {White resigns} 0-1

[Event "Team 45 45 League T61"]
[Site "Internet Chess Club"]
[Date "2014.06.14"]
[Round "3"]
[White "misuc56"]
[Black "TacoCrafterHD"]
[Result "1-0"]
[WhiteElo "1808"]
[BlackElo "1364"]
[Opening "Grünfeld defense"]
[ECO "D80"]
[Time "17:00:27"]
[TimeControl "2700+45"]

1. d4 Nf6 2. c4 g6 3. Nc3 d5 4. e3 Bg7 5. h3 O-O 6. Nf3 Bf5 7. Bd2 Re8 8. Qb3 b6
9. cxd5 Be4 10. Nxe4 Nxe4 11. Bd3 Nf6 12. e4 e6 13. dxe6 Rxe6 14. e5 Nc6 15. Be3
Nd5 16. O-O Nxe3 17. fxe3 Bh6 18. Be4 Rc8 19. Bxc6 Rxc6 20. Rfe1 a6 21. Rac1 Qd7
22. Rxc6 Qxc6 23. Qc3 Qe4 24. Nd2 Qd5 25. Qc4 Qa5 26. Nf3 b5 27. Qb3 c5 28. dxc5
Rxc5 29. e6 fxe6 30. Qxe6+ Kh8 31. Rd1 Rf5 32. a3 Qc7 33. Qe8+ Rf8 34. Qe4 Qg7
35. Qd4 Rf6 36. Rd3 Qf7 37. Qd8+ Bf8 38. b4 Qe6 39. Ng5 Qf5 40. Nf3 Qe6 41. e4
Kg7 42. Qd7+ Be7 43. Qxe6 Rxe6 44. e5 Kh6 45. Kf2 Bg5 46. g3 Bc1 47. h4 g5 48.
hxg5+ Bxg5 49. Rd6 Rxd6 50. exd6 Bd8 51. Ke3 Kg6 52. Ke4 Kf6 53. Kd5 h5 54. Nd4
Kg5 55. Ne6+ Kg4 56. Nxd8 Kxg3 57. Ne6 h4 58. d7 h3 59. d8=Q h2 60. Qg8+ {Black
resigns} 1-0

[Event "Team 45 45 League T61"]
[Site "Internet Chess Club"]
[Date "2014.06.15"]
[Round "3"]
[White "fhunfi"]
[Black "Epcot"]
[Result "0-1"]
[WhiteElo "1928"]
[BlackElo "2090"]
[Opening "French: Winawer (Nimzovich) variation"]
[ECO "C15"]
[Time "07:42:47"]
[TimeControl "2700+45"]

1. e4 e6 2. d4 d5 3. Nc3 Bb4 4. exd5 exd5 5. Bd3 Nc6 6. Ne2 Nge7 7. O-O Bg4 8.
f3 Bf5 9. Be3 a6 10. a3 Bd6 11. Qd2 O-O 12. Bf2 Qd7 13. Rfe1 Ng6 14. Nxd5 Bxh2+
15. Kxh2 Qxd5 16. Rad1 Rad8 17. Bxf5 Qxf5 18. Ng3 Qb5 19. Qc1 Qc4 20. b3 Qb5 21.
Rd3 Qd5 22. c4 Qd7 23. Red1 Nce7 24. Ne4 b6 25. Bg3 Nf5 26. d5 h5 27. Kg1 Nxg3
28. Nxg3 h4 29. Ne2 h3 30. g3 Ne5 31. Re3 Rfe8 32. Nf4 Qf5 33. Qc3 f6 34. Kh2 g5
35. Ne2 Ng4+ 36. fxg4 Qf2+ 37. Kxh3 Rxe3 38. Qc2 Kg7 39. Rd2 Rh8+ {White
resigns} 0-1

[Event "Team 45 45 League T61"]
[Site "Internet Chess Club"]
[Date "2014.06.15"]
[Round "3"]
[White "LittleButton"]
[Black "RamRock"]
[Result "1/2-1/2"]
[WhiteElo "1899"]
[BlackElo "1719"]
[Opening "Dutch"]
[ECO "A80"]
[Time "14:00:27"]
[TimeControl "2700+45"]

1. d4 f5 2. Nc3 Nf6 3. Bg5 d5 4. Bxf6 exf6 5. e3 Be6 6. Qf3 c6 7. Bd3 g6 8. Nge2
Bd6 9. h3 Qe7 10. g4 fxg4 11. hxg4 Rf8 12. Nf4 Bxf4 13. Qxf4 Nd7 14. Qc7 Nb6 15.
Rxh7 Qxc7 16. Rxc7 Bxg4 17. Bxg6+ Kd8 18. Rxb7 Rg8 19. Bd3 Bc8 20. Rh7 Rg1+ 21.
Bf1 Bf5 22. Rh8+ Ke7 23. Rxa8 Nxa8 24. O-O-O Bg4 25. Be2 Rg2 26. Bxg4 Rxg4 27.
f3 Rg3 28. Rf1 Nb6 29. b3 Nc8 30. Ne2 Rg2 31. Nf4 Rh2 32. e4 dxe4 33. fxe4 Nd6
34. Re1 Nb5 35. Ne2 Rh4 36. a4 Nd6 37. Nc3 Rh2 38. e5 Nf5 39. exf6+ Kxf6 40.
Ne4+ Kf7 41. c3 Ne7 42. Rf1+ Ke6 43. Rf2 Rh4 44. Nc5+ Kd6 45. Kd2 Rh7 46. Ne4+
Kc7 47. Kd3 Nd5 48. Ng5 Rh5 49. Nf7 Rh3+ 50. Kc2 {Game drawn by mutual
agreement} 1/2-1/2

[Event "Team 45 45 League T61"]
[Site "Internet Chess Club"]
[Date "2014.06.21"]
[Round "3"]
[White "hewdondada"]
[Black "Schachteufel"]
[Result "1-0"]
[WhiteElo "1753"]
[BlackElo "1532"]
[Opening "QGD: Albin counter-gambit"]
[ECO "D08"]
[Time "09:03:30"]
[TimeControl "2700+45"]

1. d4 d5 2. c4 e5 3. dxe5 d4 4. Nf3 Nc6 5. h3 Nge7 6. e3 Nf5 7. Bd3 dxe3 8. fxe3
Bb4+ 9. Nc3 O-O 10. O-O Bxc3 11. bxc3 Qe7 12. Nd4 Ng3 13. Rf3 Qxe5 14. Qe1 Ne4
15. Rf4 Nc5 16. Bc2 Ne7 17. Qg3 Ng6 18. Bxg6 hxg6 19. Ba3 b6 20. Bxc5 bxc5 21.
Nc6 Qd6 22. Na5 Be6 23. Qf3 Qd3 24. Nc6 Rae8 25. Rd1 Qxc3 26. Rd8 Rxd8 27. Ne7+
Kh8 28. Rh4# {Black checkmated} 1-0

[Event "Team 45 45 League T61"]
[Site "Internet Chess Club"]
[Date "2014.06.13"]
[Round "3"]
[White "pokerram"]
[Black "Beefstick"]
[Result "1-0"]
[WhiteElo "1672"]
[BlackElo "1753"]
[Opening "Scandinavian defense"]
[ECO "B01"]
[Time "17:00:15"]
[TimeControl "2700+45"]

1. e4 d5 2. exd5 Nf6 3. d4 c6 4. dxc6 e5 5. cxb7 Bxb7 6. Nf3 exd4 7. Qxd4 Nc6 8.
Qxd8+ Rxd8 9. Bb5 Rd5 10. c4 Rd7 11. O-O Be7 12. Bxc6 Bxc6 13. Ne5 Rc7 14. Nxc6
Rxc6 15. b3 O-O 16. Ba3 Re6 17. Bxe7 Rxe7 18. Nc3 Rfe8 19. Nd5 Nxd5 20. cxd5 Re2
21. d6 Rd8 22. Rfd1 f6 23. Kf1 Re6 24. Rac1 h6 25. b4 Rexd6 26. Rxd6 Rxd6 27.
Rc8+ Kh7 28. Rc7 a6 29. a4 Rb6 30. Rc4 Kg6 31. Ke2 Kf5 32. Kd3 Ke5 33. Rc5+ Kd6
34. Kc4 g5 35. g4 Rb8 36. b5 axb5+ 37. axb5 Rb6 38. Rf5 Kc7 39. Kc5 Re6 40. Rd5
Kc8 41. Rd6 {Black resigns} 1-0

[Event "Team 45 45 League T61"]
[Site "Internet Chess Club"]
[Date "2014.06.15"]
[Round "3"]
[White "Mitochondria"]
[Black "rookmaster23"]
[Result "1-0"]
[WhiteElo "1515"]
[BlackElo "1619"]
[Opening "King's Indian: orthodox, Aronin-Taimanov, 9.Ne1"]
[ECO "E98"]
[Time "15:01:22"]
[TimeControl "2700+45"]

1. d4 Nf6 2. c4 g6 3. Nc3 Bg7 4. e4 d6 5. Nf3 O-O 6. Be2 e5 7. O-O Nc6 8. d5 Ne7
9. Ne1 Nd7 10. Be3 f5 11. f3 f4 12. Bf2 g5 13. a4 h5 14. a5 Nf6 15. Nd3 g4 16.
c5 Qe8 17. cxd6 cxd6 18. Qb3 Qg6 19. Nb5 Ne8 20. Bxa7 g3 21. h3 Qg5 22. Bb6 Qh4
23. Qc2 Rf6 24. Rfc1 Rg6 25. Bf1 Bd7 26. Nc7 Rc8 27. Qd2 Nxc7 28. Bxc7 Kh8 29.
Nb4 Bh6 30. Bb6 Rcg8 31. Qe1 Nc8 32. Bc7 Qg5 33. Rc2 h4 34. a6 bxa6 35. Nxa6 Qh5
36. Qd1 Qg5 37. Nb8 Be8 38. Nc6 R6g7 39. Bd8 Qh5 40. Bf6 {Black resigns} 1-0

[Event "Team 45 45 League T61"]
[Site "Internet Chess Club"]
[Date "2014.06.15"]
[Round "3"]
[White "KidRattler"]
[Black "Zyme"]
[Result "1-0"]
[WhiteElo "1499"]
[BlackElo "1369"]
[Opening "Queen's pawn game"]
[ECO "A50"]
[Time "20:09:47"]
[TimeControl "2700+45"]

1. d4 Nf6 2. c4 b5 3. cxb5 a6 4. bxa6 g6 5. Nc3 Bxa6 6. Nf3 Bg7 7. g3 d6 8. Bg2
O-O 9. O-O Nc6 10. Re1 Qd7 11. e4 Rfb8 12. Bf1 e6 13. Bxa6 Rxa6 14. Qe2 Rbb6 15.
d5 Nd8 16. Be3 c5 17. dxc6 Rxc6 18. Red1 Qc7 19. Nd4 Rc4 20. b3 Rxc3 21. Qxa6
Nxe4 22. Nb5 Qc6 23. Qxc6 Rxc6 24. Rac1 Ra6 25. a4 d5 26. f3 Nf6 27. Bd4 Ra8 28.
Bxf6 Bxf6 29. Rc7 Kf8 30. Rdc1 Ke8 31. Nd6+ Kf8 32. Rc8 Ra6 33. Nb7 Ke8 34. Nxd8
Bxd8 35. R8c6 Ra7 36. Kg2 Kd7 37. R6c5 Rb7 38. Rb5 Ra7 39. Ra1 Kc6 40. b4 Rxa4
41. Rc5+ Kb6 42. Rxa4 Be7 43. Rca5 Bxb4 44. Rxb4+ Kxa5 45. Rb7 f6 46. Rxh7 Kb4
47. Rh6 Kc4 48. Rxg6 d4 49. Rxf6 Kd5 50. h4 d3 51. Kf2 Kd4 52. Rxe6 d2 53. Rd6+
Kc3 54. Rxd2 Kxd2 55. h5 {Black resigns} 1-0

[Event "Team 45 45 League T61"]
[Site "Internet Chess Club"]
[Date "2014.06.13"]
[Round "3"]
[White "chuckh2"]
[Black "GideonL"]
[Result "1-0"]
[WhiteElo "1426"]
[BlackElo "1422"]
[Opening "Queen's bishop game"]
[ECO "D02"]
[Time "18:00:24"]
[TimeControl "2700+45"]

1. d4 d5 2. Nf3 Nf6 3. Bf4 Bf5 4. Nbd2 e6 5. e3 Bd6 6. Bg3 Bxg3 7. hxg3 Nbd7 8.
Nh4 Bg6 9. Nxg6 fxg6 10. Bd3 Nf8 11. c3 Qd6 12. Qb3 b6 13. Ba6 Nh5 14. Qa4+ c6
15. Bb7 b5 16. Qa6 Rb8 17. Bxc6+ Kd8 18. Bxb5 Qxa6 19. Bxa6 Rxb2 20. c4 Rb6 21.
Bb5 a6 22. Ba4 Rb4 23. Bb3 dxc4 24. Bxc4 a5 25. Nb3 Rxc4 26. Nxa5 Ra4 27. Nc6+
Kc7 28. Ne5 Nd7 29. Rc1+ Kb7 30. Nxd7 Rxa2 31. O-O Re8 32. Rfd1 Nf6 33. Nc5+ Kb8
34. Rb1+ Kc8 35. Rdc1 Kd8 36. Rb7 Ra8 37. e4 Rc8 38. e5 Rxc5 39. dxc5 Ng4 40. c6
Kc8 41. Ra1 {Black resigns} 1-0

[Event "Team 45 45 League T61"]
[Site "Internet Chess Club"]
[Date "2014.06.15"]
[Round "3"]
[White "Toalla"]
[Black "artspir"]
[Result "1-0"]
[WhiteElo "1309"]
[BlackElo "1292"]
[Opening "QGD Slav: 4.e3 Bf5"]
[ECO "D12"]
[Time "14:00:42"]
[TimeControl "2700+45"]

1. d4 d5 2. c4 c6 3. e3 Bf5 4. Nf3 Nf6 5. Nc3 Nbd7 6. Be2 e6 7. O-O Bd6 8. c5
Bc7 9. b4 O-O 10. a4 a5 11. b5 cxb5 12. Nxb5 Ne4 13. Ba3 Re8 14. Rc1 Nb8 15. g3
Ra6 16. Nxc7 Qxc7 17. Bxa6 Nxa6 18. Ne5 f6 19. Nd3 e5 20. f3 Ng5 21. dxe5 fxe5
22. f4 exf4 23. Nxf4 Rxe3 24. Qxd5+ Be6 25. Qxg5 Bf7 26. Nd5 Bxd5 27. Qxd5+
{Black resigns} 1-0

[Event "Team 45 45 League T61"]
[Site "Internet Chess Club"]
[Date "2014.06.14"]
[Round "3"]
[White "oldsj"]
[Black "Electryon"]
[Result "0-1"]
[WhiteElo "1602"]
[BlackElo "1507"]
[Opening "French: exchange variation"]
[ECO "C01"]
[Time "14:00:28"]
[TimeControl "2700+45"]

1. e4 e6 2. d4 d5 3. exd5 Qxd5 4. c4 Qd8 5. Nf3 Nf6 6. Nc3 c5 7. d5 exd5 8. cxd5
Bd6 9. Be2 O-O 10. O-O b6 11. h3 Ba6 12. Re1 Re8 13. Bg5 Bxe2 14. Rxe2 Rxe2 15.
Qxe2 Nbd7 16. Qd2 Qf8 17. Re1 Re8 18. Rxe8 Qxe8 19. Nb5 Bb8 20. d6 Ne5 21. Nxe5
Qxe5 22. Bf4 Qe8 23. d7 Qxd7 24. Qxd7 Nxd7 25. Bxb8 Nxb8 26. Nxa7 Kf8 27. Kf1
Ke8 28. Ke2 Kd7 29. Kd3 Nc6 30. a3 Nxa7 {White resigns} 0-1

[Event "Team 45 45 League T61"]
[Site "Internet Chess Club"]
[Date "2014.06.16"]
[Round "3"]
[White "ChessMaine"]
[Black "stanbeers"]
[Result "1-0"]
[WhiteElo "1491"]
[BlackElo "1502"]
[Opening "Queen's pawn game"]
[ECO "D00"]
[Time "20:02:59"]
[TimeControl "2700+45"]

1. d4 d5 2. e3 Bf5 3. c4 e6 4. Nf3 c6 5. Nc3 Nd7 6. Be2 Bb4 7. O-O Ngf6 8. a3
Bxc3 9. bxc3 Ne4 10. Qb3 Qc7 11. Nh4 Ndf6 12. Nxf5 exf5 13. f3 Nd6 14. cxd5 O-O
15. dxc6 bxc6 16. c4 Rab8 17. Qc2 Qd7 18. Bb2 Rb7 19. d5 cxd5 20. Bxf6 gxf6 21.
c5 Rc8 22. Ba6 Rbc7 23. Bxc8 Rxc8 24. Rfd1 Ne8 25. Rac1 Qe7 26. Qc3 Nc7 27. Rb1
Na6 28. c6 Nc5 29. Rxd5 Na4 30. Qd3 Nb6 31. Rxf5 Rxc6 32. Rd1 Kg7 33. Rh5 h6 34.
e4 Na4 35. Qe3 f5 36. Qd4+ f6 37. Qxa4 Qc5+ 38. Kf1 Rc7 39. Rd7+ Kg6 40. Rxc7
Qxc7 41. exf5+ Kg7 42. Qg4+ Kf8 43. Qb4+ Kg7 44. Qd2 Qc4+ 45. Ke1 Kf8 46. Qxh6+
Ke7 47. Qg7+ Kd6 48. Qxf6+ Kc5 {Black resigns} 1-0

[Event "Team 45 45 League T61"]
[Site "Internet Chess Club"]
[Date "2014.06.14"]
[Round "3"]
[White "unclevinny"]
[Black "seattleblues"]
[Result "1-0"]
[WhiteElo "1444"]
[BlackElo "1403"]
[Opening "Caro-Kann: advance variation"]
[ECO "B12"]
[Time "21:00:16"]
[TimeControl "2700+45"]

1. e4 c6 2. d4 d5 3. e5 Bf5 4. Nf3 e6 5. Nbd2 Bb4 6. a3 Ba5 7. b4 Bb6 8. Nb3 Nd7
9. Be2 Ne7 10. O-O O-O 11. Be3 f6 12. c4 fxe5 13. Nxe5 Nxe5 14. dxe5 Bxe3 15.
fxe3 Kh8 16. Qd4 b6 17. c5 Qc7 18. Nd2 Ng6 19. g4 Bc2 20. Rac1 Ba4 21. Nf3 Bb3
22. Qc3 Ba4 23. cxb6 axb6 24. Bd3 Ne7 25. Ng5 d4 26. Qxd4 Rxf1+ 27. Rxf1 Qd8 28.
Nf7+ {Black resigns} 1-0

[Event "Team 45 45 League T61"]
[Site "Internet Chess Club"]
[Date "2014.06.11"]
[Round "3"]
[White "room-matt"]
[Black "fadoodle"]
[Result "1-0"]
[WhiteElo "1859"]
[BlackElo "1585"]
[Opening "Bishop's opening: Classical variation"]
[ECO "C23"]
[Time "12:30:59"]
[TimeControl "2700+45"]

1. e4 e5 2. Bc4 Bc5 3. Nc3 Nf6 4. d3 Nc6 5. f4 d6 6. Nf3 Ng4 7. Qe2 Nd4 8. Nxd4
Bxd4 9. f5 Qh4+ 10. g3 Bf2+ 11. Kd2 Qh6+ 12. Kd1 Ne3+ 13. Bxe3 Bxe3 14. Nd5 Bb6
15. Rf1 Qh3 16. c3 g6 17. Nf6+ Ke7 18. fxg6 hxg6 19. Qf3 Qxh2 20. Nd5+ Kd8 21.
Qf6+ Kd7 22. Qxf7+ Kc6 23. Nb4+ Kc5 24. Qd5# {Black checkmated} 1-0

[Event "Team 45 45 League T61"]
[Site "Internet Chess Club"]
[Date "2014.06.11"]
[Round "3"]
[White "chessnow"]
[Black "Bryant-L"]
[Result "0-1"]
[WhiteElo "1574"]
[BlackElo "1676"]
[Opening "French: Tarrasch, Eliskases variation"]
[ECO "C07"]
[Time "17:15:20"]
[TimeControl "2700+45"]

1. e4 e6 2. d4 d5 3. Nd2 c5 4. exd5 Qxd5 5. Ngf3 cxd4 6. Bc4 Qd8 7. O-O Nf6 8.
Re1 Bc5 9. Nb3 Bb6 10. Nbxd4 Bxd4 11. Nxd4 O-O 12. Bf4 Nd5 13. Bg3 a6 14. Qf3
Nb6 15. Qd3 Nxc4 16. Qxc4 b5 17. Qc3 Bb7 18. Rad1 Qg5 19. Nf3 Bxf3 20. gxf3 Qg6
21. Kh1 Qh6 22. Rg1 g6 23. Qf6 Qg7 24. Be5 Qxf6 25. Bxf6 Nc6 26. c3 Ra7 27. Rd6
Na5 28. Rgd1 Nc4 29. Rd8 Ra8 30. Rxf8+ Kxf8 31. b3 Nb6 32. Kg1 Nd5 33. Bd4 Rc8
34. Rc1 f6 35. c4 e5 36. Be3 bxc4 37. bxc4 Nxe3 38. fxe3 Rb8 39. Rc2 Ke7 40. Kf2
Kd6 41. e4 Kc5 42. Ke3 Rd8 43. Rc3 Rd6 44. Rd3 Rd4 45. Rxd4 exd4+ 46. Kd3 g5 47.
h3 a5 48. a3 a4 49. Kc2 Kxc4 50. Kd2 d3 51. Kd1 Kc3 52. Kc1 d2+ 53. Kd1 Kd3 54.
f4 gxf4 55. e5 f3 56. exf6 f2 57. f7 f1=R# {White checkmated} 0-1